 Dungeon Crawl Stone Soup version 0.19-a0-1127-gac58878 (webtiles) character file.

178 4thArraOfDagon the Skirmisher (level 5, -6/33 HPs)
             Began as a Gargoyle Berserker on Aug 12, 2016.
             Was a Follower of Trog.
             Killed from afar by Blork the orc (7 damage)
             ... with a puff of flame
             ... on level 5 of the Dungeon.
             The game lasted 00:02:15 (409 turns).

4thArraOfDagon the Skirmisher (Gargoyle Berserker)   Turns: 409, Time: 00:02:16

Health: -6/33      AC:  9    Str: 21    XL:     5   Next: 58%
Magic:  5/5        EV: 11    Int:  8    God:    Trog [*.....]
Gold:   44         SH:  0    Dex:  9    Spells: 0 memorised, 4 levels left

rFire  . . .     SeeInvis .     a - +0 hand axe
rCold  . . .     Gourm    .     e - +0 ring mail (curse)
rNeg   + . .     Faith    .     (no shield)
rPois  ∞         Spirit   .     (no helmet)
rElec  +         Dismiss  .     (no cloak)
rCorr  .         Reflect  .     (no gloves)
SustAt .         Harm     .     (no boots)
MR     .....                    (no amulet)
Stlth  ..........               (no ring)
                                (no ring)

@: starving
A: negative energy resistance 1, electricity resistance, unbreathing,
petrification resistance, rot immunity, AC +4
a: Berserk, Burn Spellbooks, Renounce Religion


You were on level 5 of the Dungeon.
You worshipped Trog.
Trog was aware of your devotion.
You were starving.

You visited 1 branch of the dungeon, and saw 5 of its levels.

You collected 44 gold pieces.

Inventory:

Hand Weapons
 a - a +0 hand axe (weapon)
Armour
 b - a +0 animal skin
 e - a cursed +0 ring mail (worn)
 k - a +0 scale mail
Wands
 m - a wand of confusion (25/48)
Scrolls
 d - 2 scrolls of identify {unknown}
 f - a scroll of immolation {unknown}
 g - 2 scrolls of enchant armour {unknown}
 h - a scroll of magic mapping {unknown}
 i - 2 scrolls of remove curse {unknown}
 j - a scroll of fog {unknown}
 l - a scroll of recharging {unknown}
 n - a scroll of teleportation {unknown}
Comestibles
 c - 3 bread rations


   Skills:
 + Level 4.2 Fighting
 * Level 4.2 Axes
 + Level 3.7 Armour
 - Level 1.5 Dodging


You had 4 spell levels left.
You didn't know any spells.

Dungeon Overview and Level Annotations

Branches:
Dungeon (5/15)
 Temple: D:4-7

Altars:
Hepliaklqana
Zin

Annotations:
D:5 Blork the orc


Innate Abilities, Weirdness & Mutations

You are resistant to torment.
Your stone body is resilient. (AC +4)
You are immune to poison.
You resist negative energy. (rN+)
You are resistant to electric shocks. (rElec)
You can survive without breathing.
You are immune to petrification.
You are immune to rotting.


Message History

Unknown command.
You closely miss something.
You hear some strange, mumbled words.
A magic dart appears from out of thin air!
The magic dart hits you!
* * * LOW HITPOINT WARNING * * *
Unknown command.
Unknown command.
You closely miss something.
You hear some strange, mumbled words.
A magic dart appears from out of thin air!
The magic dart hits you!
Unknown command.
You hit something but do no damage. Something hits you but does no damage.
Unknown command.
You barely miss something.
You hear some strange, mumbled words.
A puff of flame appears from out of thin air!
The puff of flame hits you!
You die...

.....#..%............
#.......##.....#..##
##... #.##.....#.##
#....##.....#..#(#
#...>..##....#
#####.##.......#.#
#....l....#....###
#..###<.#.###.#.# #.
#@{l.#.# #.#..#
######## ######


You could see a giant gecko.

Vanquished Creatures
  A hound (D:4)
  An orc priest (D:5)
  An orc wizard (D:4)
  2 worker ants (D:4)
  A hound skeleton (D:4)
  A giant gecko (D:3)
  10 orcs
  2 giant cockroaches
  A goblin (D:3)
  A giant newt (D:4)
  2 rats
23 creatures vanquished.

Notes
Turn   | Place    | Note
-------+----------+-------------------------------------------
     0 | D:1      | 4thArraOfDagon the Gargoyle Berserker began the quest for the Orb.
     0 | D:1      | Reached XP level 1. HP: 14/14 MP: 1/1
    78 | D:3      | Found a glowing silver altar of Zin.
   100 | D:3      | timbw: hi
   127 | D:4      | Noticed an orc wizard
   132 | D:4      | Reached XP level 2. HP: 19/19 MP: 2/2
   137 | D:4      | Reached XP level 3. HP: 24/24 MP: 3/3
   218 | D:4      | Found a hazy altar of Hepliaklqana.
   286 | D:4      | Reached XP level 4. HP: 29/29 MP: 4/4
   290 | D:4      | Reached ** piety under Trog
   296 | D:4      | Reached XP level 5. HP: 33/33 MP: 5/5
   320 | D:5      | Entered Level 5 of the Dungeon
   360 | D:5      | Noticed Blork the orc
   406 | D:5      | HP: 1/33 [something/magic dart (1)]
   409 | D:5      | Killed from afar by Blork the orc

Vault maps used:
D:1:      lightli_arrival_quake
D:3:      overflow_temple_1_default, uniq_sigmund
D:4:      overflow_temple_1_default, tgw_fedhas, first_bread, grunt_ministairs_6
D:5:      uniq_grinder, uniq_eustachio, uniq_blork_the_orc

Skill      XL: |  1  2  3  4 |
---------------+-------------+-----
Axes           | 3 4 |  4.2
Armour         | 3 |  3.7
Fighting       | 4 |  4.2
Dodging        | |  1.5

Action                   |  1- 3 |  4- 6 || total
-------------------------+-------+-------++-------
Melee: Hand axe          |    28 |    51 ||    79
Invok: Berserk           |     2 |     1 ||     3
       Trog's Hand       |       |     2 ||     2
Armor: Ring mail         |    27 |    27 ||    54
Dodge: Dodged            |    31 |    17 ||    48
